 Dungeon Crawl Stone Soup version 0.30-a0-55-g90e3122c3a (webtiles) character file.

Game seed: 16302844427073168320

228 Decritt the Ducker (level 6, -2/49 HPs)
             Began as a Merfolk Gladiator on Sept 9, 2022.
             Was an Initiate of Uskayaw.
             Slain by a scorpion (7 damage)
             ... on level 3 of the Dungeon.
             The game lasted 00:12:13 (3352 turns).

Decritt the Ducker (Merfolk Gladiator)              Turns: 3352, Time: 00:12:13

Health: -2/49      AC:  4    Str: 15    XL:     6   Next: 2%
Magic:  5/7        EV: 14    Int:  7    God:    Uskayaw [......]
Gold:   134        SH:  5    Dex: 17    Spells: 5/5 levels left

rFire   . . .      SeeInvis .    x - +4 falchion (holy)
rCold   . . .      Faith    .    (no shield)
rNeg    . . .      Spirit   .    b - +0 leather armour
rPois   .          Reflect  +    c - +0 helmet
rElec   .          Harm     .    (no cloak)
rCorr   .          Rampage  .    (no gloves)
Will    .....                    (no boots)
Stlth   +.........               t - amulet of reflection
HPRegen 0.16/turn                (no ring)
MPRegen 0.10/turn                (no ring)

@: no status effects
A: (nimble swimmer 2), mertail
a: Renounce Religion


You were on level 3 of the Dungeon.
You worshipped Uskayaw.
Uskayaw was noncommittal.
You visited 1 branch of the dungeon, and saw 4 of its levels.

You collected 134 gold pieces.

Inventory:

Hand Weapons
 a - a +0 long sword
 m - a +0 falchion
 s - a +1 dagger of venom
 w - a +1 dagger of protection
 x - a +4 falchion of holy wrath (weapon)
Missiles
 d - 3 throwing nets (quivered)
 e - a javelin
Armour
 b - a +0 leather armour (worn)
 c - a +0 helmet (worn)
 f - a +0 chain mail
Jewellery
 l - a ring of positive energy
 t - an amulet of reflection (around neck)
Scrolls
 j - a scroll of poison {unknown}
 k - a scroll of summoning {unknown}
 p - a scroll of blinking {unknown}
 q - a scroll of immolation
 r - a scroll of identify
 v - a scroll of amnesia {unknown}
Potions
 g - a potion of mutation
 h - a potion of heal wounds {unknown}
 i - a potion of resistance
 n - 2 potions of attraction
 o - a potion of magic {unknown}
 u - a potion of brilliance {unknown}
 z - a potion of invisibility {unknown}


   Skills:
 * Level 4.6 Fighting
 + Level 4.7 Long Blades
 - Level 2.0 Throwing
 + Level 5.3 Dodging
 + Level 2.0 Invocations


You had 5 spell levels left.
You didn't know any spells.
Your spell library contained the following spells:

 Spells                   Type           Power      Damage    Failure   Level
 Necrotise                Necr           0%         1d4       50%         1
 Summon Small Mammal      Summ           0%         N/A       50%         1
 Ensorcelled Hibernation  Hex/Ice        0%         N/A       65%         2
 Call Canine Familiar     Summ           0%         N/A       86%         3
 Confusing Touch          Hex            0%         N/A       86%         3
 Spider Form              Tmut/Pois      0%         N/A       86%         3
 Summon Guardian Golem    Hex/Summ       0%         N/A       86%         3
 Vampiric Draining        Necr           0%         2d6       86%         3
 Anguish                  Hex/Necr       0%         N/A       99%         4
 Agony                    Necr           0%         N/A       100%        5
 Yara's Violent Unravell  Hex/Tmut       0%         3d3       100%        5
 Enfeeble                 Hex            0%         N/A       100%        7


Dungeon Overview and Level Annotations

Branches:
Dungeon (4/15)
 Temple: D:4-7

Altars:
Ashenzari
Dithmenos
Elyvilon
Gozag
Okawaru
Uskayaw
Zin


Innate Abilities, Weirdness & Mutations

((You are very nimble when in or above water. (Stealth+, EV+, Speed+++)))
Your lower body shifts to a powerful aquatic tail in water.


Message History

Found a spear.
The orc priest shouts!
The orc wizard shouts!
The orc wizard casts a spell at you.
You are confused.
You are too confused!
You're too confused to move!
The orc priest calls down the wrath of Beogh upon you.
Beogh smites you! The orc attacks as you move away! The orc closely misses you.
The orc attacks as you move away! The orc hits you with a +0 war axe!
* * * LOW HITPOINT WARNING * * *
You feel less confused.
You stomp with the beat, sending a shockwave through the revellers around you!
The orc is severely wounded.
You can no longer stomp with the beat.
The orc priest calls down the wrath of Beogh upon you.
Beogh smites you!
* * * LOW HITPOINT WARNING * * *
The orc hits you with a +0 flail.
* * * LOW HITPOINT WARNING * * *
The orc attacks as you move away! The orc hits you with a +0 flail.
* * * LOW HITPOINT WARNING * * *
The orc wizard casts a spell.
The orc wizard flickers and vanishes!
Deactivating autopickup; reactivate with Ctrl-A.
The scorpion attacks as you move away!
The scorpion stings you but does no damage.
The scorpion barely misses you.
There is a stone staircase leading up here.
The scorpion misses you.
You climb upwards.
Reactivating autopickup.
There is a stone staircase leading down here.
You hit the scorpion.
The scorpion is moderately wounded.
The scorpion closely misses you.
You slash the scorpion!
The scorpion is severely wounded.
The scorpion stings you!
You die...

####### #.....##
#.###..############
#######
#.###.............#
......#
#.##..s@.########.#
#
#####.####.###...##
#.# # .#.........#
##.## #.# #
.♣.##.###### #.#
#.# # .♣.##.# #.#
#.# # .♣....# ##'##
#.# .♣...## ##...##
#.# .♣##†##
##.....## ###.# .♣
#..## ##.......##
#.).#


You could see a scorpion.

Vanquished Creatures
  Pargi (D:3)
  A scorpion (D:3)
  Robin (D:3)
  3 worms
  An orc (D:4)
  3 ball pythons
  3 endoplasms
  4 giant cockroaches
  10 hobgoblins
  3 kobolds
  5 bats
  4 frilled lizards
  11 goblins
  5 rats
55 creatures vanquished.

Vanquished Creatures (others)
  A bush (D:3)
  3 plants (D:3)
4 creatures vanquished.

Grand Total: 59 creatures vanquished

Notes
Turn   | Place    | Note
-------+----------+-------------------------------------------
     0 | D:1      | Decritt the Merfolk Gladiator began the quest for the Orb.
     0 | D:1      | Reached XP level 1. HP: 16/16 MP: 1/1
   357 | D:1      | Reached XP level 2. HP: 23/23 MP: 2/2
  1074 | D:2      | Reached XP level 3. HP: 29/29 MP: 3/3
  1200 | D:2      | Found a white marble altar of Elyvilon.
  1654 | D:3      | Found an opulent altar of Gozag.
  1654 | D:3      | Found a faded altar of an unknown god.
  1662 | D:3      | Found a shadowy altar of Dithmenos.
  1664 | D:3      | Found a hide-covered altar of Uskayaw.
  1665 | D:3      | Found a broken altar of Ashenzari.
  1697 | D:3      | Became a worshipper of Uskayaw the Reveller
  1871 | D:3      | Found an iron altar of Okawaru.
  1899 | D:3      | Reached * piety under Uskayaw
  2182 | D:3      | Noticed Robin
  2582 | D:3      | Reached ** piety under Uskayaw
  2596 | D:3      | Reached *** piety under Uskayaw
  2597 | D:3      | Killed Robin
  2598 | D:3      | Reached XP level 4. HP: 22/35 MP: 4/4
  2807 | D:3      | Noticed Pargi
  2818 | D:3      | Killed Pargi
  2819 | D:3      | Reached skill level 5 in Dodging
  2819 | D:3      | Reached skill level 1 in Invocations
  2819 | D:3      | Reached XP level 5. HP: 17/42 MP: 1/6
  3275 | D:4      | Found a glowing silver altar of Zin.
  3278 | D:4      | Reached XP level 6. HP: 48/49 MP: 7/7
  3352 | D:3      | Slain by a scorpion

Illustrated notes

Levels and vault maps discovered:
D:1:      scummos_arrival_checkerplants, layout_basic
D:2:      layout_rooms, basic_altar
D:3:      layout_loops_corners, nicolae_overflow_crystal_walls,
          chequers_temple_overflow_minitemple, serial_forest,
          infiniplex_forest_corner_1, infiniplex_forest_zigzag_1,
          infiniplex_forest_straight_2, infiniplex_forest_end_1,
          infiniplex_forest_straight_4, infiniplex_forest_clump_tiny,
          infiniplex_forest_straight_2, uniq_robin, uniq_pargi
D:4:      layout_loops_ring, mainiacjoe_overflow_catwalk, gammafunk_ghost_arena,
          serial_shops, kennysheep_mini, uniq_crazy_yiuf_cottage

Skill      XL: |  1  2  3  4  5 |
---------------+----------------+-----
Long Blades    | 4 |  4.7
Fighting       | 3 4 |  4.6
Dodging        | 5 |  5.3
Invocations    | 1 2 |  2.0
Throwing       | |  2.0

Action                   |  1- 3 |  4- 6 || total
-------------------------+-------+-------++-------
Melee: Long sword        |    72 |       ||    72
       Dagger            |    75 |     2 ||    77
       Falchion          |       |    32 ||    32
Invok: Stomp             |       |     2 ||     2
  Use: Scroll            |     4 |       ||     4
 Stab: Sleeping          |     2 |       ||     2
       Paralysed         |     1 |     1 ||     2
Armor: Leather armour    |    46 |    15 ||    61
Dodge: Dodged            |   100 |    24 ||   124
Block: Other             |    21 |     8 ||    29
       Reflection        |     1 |     1 ||     2

Table legend: (Time is in decaauts)
 A = Elapsed time spent in this place.
 B = Non-inter-level travel time spent in this place.
 C = Inter-level travel time spent in this place.
 D = Time resting spent in this place.
 E = Time spent auto-exploring this place.
 F = Levels seen in this place.
 G = Mean time per level.
                   A        B        C        D        E       F      G
               +--------+--------+--------+--------+--------+-----+--------+
         Total |   3360 |   3259 |    101 |    839 |   1886 |   4 |  840.0 |
       Dungeon |   3360 |   3259 |    101 |    839 |   1886 |   4 |  840.0 |
               +--------+--------+--------+--------+--------+-----+--------+

Top non-repeatable levels by time:
     D:3: 1524 daAuts
     D:2: 715 daAuts
     D:1: 679 daAuts
     D:4: 441 daAuts
